 Dungeon Crawl Stone Soup version 0.31-a0-237-g2d982f9f85 (webtiles) character file.

Game seed: 18280693108707783542

3700 qw the Skirmisher (level 9, -6/81 HPs)
             Began as a Minotaur Hexslinger on July 10, 2023.
             Was an Initiate of Okawaru.
             Mangled by a yak (9 damage)
             ... on level 7 of the Dungeon.
             The game lasted 00:02:50 (6464 turns).

qw the Skirmisher (Minotaur Hexslinger)             Turns: 6464, Time: 00:02:50

Health: -6/81      AC:  8    Str: 12      XL:     9   Next: 91%
Magic:  9/9        EV: 14    Int: 10      God:    Okawaru [......]
Gold:   406        SH:  0    Dex: 17 (18) Spells: 9/10 levels left

rFire   . . .        Y - +1 orcbow
rCold   . . .        (shield currently unavailable)
rNeg    . . .        c - +0 troll leather armour
rPois   .            (helmet restricted)
rElec   .            (no cloak)
rCorr   .            k - +1 pair of gloves
SInv    +            h - +1 pair of boots
Will    .....        e - amulet of faith
Stlth   +            b - ring of see invisible
HPRegen 1.13/turn    (no ring)
MPRegen 0.11/turn

%: faith
@: no status effects
A: horns 2, retaliatory headbutt
a: Renounce Religion


You were on level 7 of the Dungeon.
You worshipped Okawaru.
Okawaru was noncommittal.
You visited 2 branches of the dungeon, and saw 9 of its levels.
You also visited: Sewer.

You collected 540 gold pieces.
You spent 134 gold pieces at shops.


Innate Abilities, Weirdness & Mutations

You have a pair of horns on your head.
You reflexively headbutt those who attack you in melee.


   Skills:
 - Level 8.1 Fighting
 + Level 12.4 Ranged Weapons
 - Level 3.4 Armour
 - Level 5.2 Dodging
 - Level 1.0 Spellcasting
 - Level 2.0 Hexes


You had 9 spell levels left.
You knew the following spells:

 Your Spells              Type           Power      Damage    Failure   Level
a - Slow                  Hex            16%        N/A       19%         1

Your spell library contained the following spells:

 Spells                   Type           Power      Damage    Failure   Level
 Inner Flame              Hex/Fire       2%         N/A       65%         3
 Portal Projectile        Hex/Tloc       4%         N/A       65%         3
 Cause Fear               Hex            2%         N/A       88%         4

Inventory:

Hand Weapons
 Y - a +1 orcbow (weapon)
Armour
 c - a +0 troll leather armour (worn)
 h - a +1 pair of boots (worn)
 k - a +1 pair of gloves (worn)
Jewellery
 b - a ring of see invisible (left hand)
 e - an amulet of faith (around neck)
Scrolls
 d - 4 scrolls of identify
Potions
 a - 3 potions of haste
 j - a potion of enlightenment
 n - 2 potions of curing

Dungeon Overview and Level Annotations

Branches:
Dungeon (8/15)             Temple (1/1) D:7           Sewer (visited)
   Lair: D:8-11

Altars:
Ashenzari
Cheibriados
Dithmenos
Elyvilon
Fedhas
Gozag
Hepliaklqana
Kikubaaqudgha
Makhleb
Nemelex Xobeh
Okawaru
Ru
Sif Muna
Uskayaw
Vehumet
Wu Jian
Xom
Yredelemnul
Zin
The Shining One

Shops:
D:7 ?

Annotations:
D:4 1 runed translucent door, qw's ghost, novice GrHs


Message History

The yak closely misses you. x2
You shoot an arrow. The arrow barely misses the yak.
The yak gores you. The yak closely misses you. You furiously retaliate!
You headbutt the yak. You shoot an arrow. The arrow hits the yak!
The yak is heavily wounded.
The yak gores you! The yak barely misses you.
You shoot an arrow. The arrow completely misses the yak.
The yak barely misses you. The yak gores you.
You shoot an arrow. The arrow barely misses the yak.
The yak gores you! The yak gores you.
You shoot an arrow. The arrow barely misses the yak.
The yak barely misses you. You furiously retaliate!
You headbutt the yak. The yak gores you but does no damage.
You shoot an arrow. The arrow barely misses the yak.
The yak gores you! The yak barely misses you.
You shoot an arrow. The arrow hits the yak!
The yak is almost dead.
You shoot an arrow. The arrow completely misses the yak.
The yak gores you but does no damage. The yak gores you.
You shoot an arrow. The arrow hits the yak.
You kill the yak!
Okawaru accepts your kill. The yak closely misses you.
You shoot an arrow. The arrow barely misses the yak.
The yak gores you!
You shoot an arrow. The arrow hits the yak.
The yak is lightly wounded.
The yak misses you.
You shoot an arrow. The arrow hits the yak!
The yak is heavily wounded.
The yak misses you. You furiously retaliate!
You headbutt the yak. You shoot an arrow. The arrow hits the yak!
The yak is almost dead.
The yak gores you!
You shoot an arrow. The arrow barely misses the yak.
The yak barely misses you.
You shoot an arrow. The arrow barely misses the yak.
The yak gores you!
You die...

......?........# #..#.....#
...###........## ###....#(.##
...###.##...#.########...(######
....##.##.................#
.......#.......#######.####
...........#....## #.#
...<........#....#####.#
..........#.###Y%#.....#
....#...........@).##############
....#................#..........#
....#.~~~~~~~.##...............(#
......~#####~....##.............#
#.../.~#...#~..#####.#..........#
..###.~#.\.#~.## #............#
.## #.~#)..#~.# ###..........#
.## #.~##)##~.# #..........#
..###.~~~~~~~.# #......<...#


You could see a yak.

Vanquished Creatures
  A troll (D:6)
  2 yaks (D:7)
  Sigmund (D:5)
  A wraith (D:7)
  Eustachio (D:5)
  3 steam dragons
  3 water moccasins
  A black bear (D:7)
  An ice beast (D:5)
  2 sky beasts (D:6)
  2 centaurs
  4 ogres
  A phantom (D:7)
  A bullfrog (D:6)
  A scorpion (D:5)
  A wight (D:6)
  3 jellies
  6 orc priests
  4 hounds
  Jessica (D:2)
  5 iguanas
  4 orc wizards
  4 gnolls (D:4)
  13 adders
  A shadow imp (D:6)
  A white imp (D:6)
  An adder skeleton (D:2)
  An adder zombie (D:2)
  6 worms
  3 dart slugs
  23 orcs
  7 ball pythons
  7 endoplasms
  7 giant cockroaches
  9 goblins
  5 hobgoblins
  4 jackals (D:1)
  7 kobolds
  6 quokkas
  A ball python skeleton (D:2)
  9 bats
  2 frilled lizards
  5 rats
171 creatures vanquished.

Notes
Turn   | Place    | Note
-------+----------+-------------------------------------------
     0 | D:1      | qw the Minotaur Hexslinger began the quest for the Orb.
     0 | D:1      | Reached XP level 1. HP: 16/16 MP: 1/1
     0 | D:1      | 0 ||| qw: Version: 0.3-a-52-g30416fa
     0 | D:1      | 0 ||| qw: Game counter: 5013
     0 | D:1      | 0 ||| qw: Melee chars always use a shield: true
     0 | D:1      | 0 ||| qw: God list: Okawaru
     0 | D:1      | 0 ||| qw: Allow faded altars: false
     0 | D:1      | 0 ||| qw: Do Orc after clearing Dungeon:15 true
     0 | D:1      | 0 ||| qw: Do second Lair branch before Depths: true
     0 | D:1      | 0 ||| qw: Lair rune preference: random
     0 | D:1      | 0 ||| qw: Goals: Normal
     0 | D:1      | 0 ||| PLANNING D:1-11
    88 | D:1      | Reached skill level 3 in Ranged Weapons
   100 | D:1      | Reached XP level 2. HP: 23/23 MP: 2/2
   665 | D:1      | 665 ||| UPGRADING to +0 ring mail of positive energy.
   675 | D:1      | 675 ||| DROPPING +0 robe.
   676 | D:1      | 676 ||| UPGRADING to +0 pair of boots.
   681 | D:1      | 681 ||| READING scroll labelled JEIDUT RALAGAPA.
   715 | D:1      | 715 ||| READING 2 scrolls labelled CEIVVU NOPHO.
   716 | D:1      | 716 ||| READING scroll of enchant armour.
   716 | D:1      | 716 ||| ENCHANTING +0 pair of boots.
   717 | D:1      | 717 ||| READING scroll labelled UXUKHL JUETI.
   718 | D:1      | 718 ||| DRINKING 3 orange potions.
   758 | D:1      | 758 ||| DROPPING scroll of poison.
   759 | D:1      | 759 ||| DROPPING 2 potions of lignification.
   818 | D:2      | 818 ||| STAIRDANCE
   822 | D:1      | HP: 6/24 [worm (7)]
   919 | D:2      | Reached XP level 3. HP: 26/29 MP: 3/3
  1180 | D:2      | Reached skill level 4 in Ranged Weapons
  1183 | D:2      | Found a hide-covered altar of Uskayaw.
  1306 | D:2      | Reached skill level 1 in Armour
  1378 | D:2      | Noticed Jessica
  1381 | D:2      | Reached XP level 4. HP: 36/36 MP: 4/4
  1384 | D:2      | Killed Jessica
  1418 | D:2      | 1418 ||| READING scroll labelled KEGITW VOKKA.
  1438 | D:3      | 1438 ||| PLANNING SEWER
  1458 | D:3      | Reached skill level 5 in Ranged Weapons
  1628 | D:3      | Reached skill level 3 in Fighting
  1628 | D:3      | Reached XP level 5. HP: 44/45 MP: 5/5
  1660 | D:3      | Found a faded altar of an unknown god.
  1888 | D:3      | Found a glowing drain.
  1889 | D:3      | 1889 ||| UPGRADING to +0 pair of gloves.
  1894 | D:3      | 1894 ||| UPGRADING to ring of see invisible.
  1895 | D:3      | 1895 ||| READING scroll labelled TYISAL FUTZ.
  1896 | D:3      | 1896 ||| READING scroll labelled UHIFFINWUN.
  1897 | D:3      | 1897 ||| READING scroll labelled REPNEY JAUP.
  1898 | D:3      | 1898 ||| READING scroll labelled VEOGEE JAMNEGAP.
  1899 | D:3      | 1899 ||| DRINKING 2 bubbling clear potions.
  1916 | Sewer    | Entered a sewer
  1941 | Sewer    | Noticed a water moccasin
  1948 | Sewer    | Killed a water moccasin
  1949 | Sewer    | Reached skill level 6 in Ranged Weapons
  2040 | Sewer    | 2040 ||| READING scroll labelled URCHOE YDYZI.
  2041 | Sewer    | 2041 ||| READING 2 scrolls of identify.
  2041 | Sewer    | 2041 ||| IDENTIFYING red potion
  2062 | D:3      | 2062 ||| PLANNING D:1-11
  2247 | D:4      | Found a hazy altar of Hepliaklqana.
  2261 | D:4      | Reached XP level 6. HP: 51/51 MP: 6/6
  2628 | D:4      | Found a runed translucent door.
  2628 | D:4      | Noticed qw's ghost (novice GrHs)
  2692 | D:4      | 2692 ||| DROPPING ring of wizardry.
  2693 | D:4      | 2693 ||| READING 2 scrolls of identify.
  2693 | D:4      | 2693 ||| IDENTIFYING blue potion
  2694 | D:4      | 2694 ||| DROPPING potion of magic.
  2727 | D:5      | Entered Level 5 of the Dungeon
  2788 | D:5      | Noticed a water moccasin
  2795 | D:5      | Killed a water moccasin
  2796 | D:5      | Reached skill level 7 in Ranged Weapons
  2897 | D:5      | Noticed Eustachio
  2906 | D:5      | Killed Eustachio
  2907 | D:5      | Reached skill level 3 in Armour
  2907 | D:5      | Reached XP level 7. HP: 46/59 MP: 7/7
  3015 | D:5      | Reached skill level 8 in Ranged Weapons
  3164 | D:5      | Found a snail-covered altar of Cheibriados.
  3299 | D:5      | Noticed Sigmund
  3314 | D:5      | Killed Sigmund
  3315 | D:5      | Reached skill level 6 in Fighting
  3315 | D:5      | Reached XP level 8. HP: 65/70 MP: 8/8
  3429 | D:5      | Reached skill level 9 in Ranged Weapons
  3563 | D:5      | 3563 ||| READING scroll of enchant armour.
  3563 | D:5      | 3563 ||| ENCHANTING +0 pair of gloves.
  3568 | D:5      | Reached skill level 3 in Dodging
  3722 | D:5      | 3722 ||| READING scroll labelled BIBLAF ZAPO.
  3723 | D:5      | 3723 ||| READING 2 scrolls of identify.
  3723 | D:5      | 3723 ||| IDENTIFYING green potion
  3724 | D:5      | 3724 ||| DROPPING potion of attraction.
  3764 | D:6      | 3764 ||| Stepping ~*~*~tactically~*~*~ (cloud).
  3770 | D:6      | Reached skill level 10 in Ranged Weapons
  3833 | D:6      | 3833 ||| FLEEEEING.
  3834 | D:6      | 3834 ||| FLEEEEING.
  3835 | D:6      | 3835 ||| FLEEEEING.
  3844 | D:6      | 3844 ||| FLEEEEING.
  3845 | D:6      | 3845 ||| FLEEEEING.
  3853 | D:6      | 3853 ||| FLEEEEING.
  3854 | D:6      | 3854 ||| FLEEEEING.
  3855 | D:6      | 3855 ||| FLEEEEING.
  3856 | D:6      | 3856 ||| STAIRDANCE
  4131 | D:6      | 4131 ||| SWAPPING to +0 orcbow.
  4132 | D:6      | 4132 ||| DROPPING +1 heavy sling.
  4582 | D:6      | 4582 ||| Stepping ~*~*~tactically~*~*~ (outnumbered).
  4767 | D:6      | Reached XP level 9. HP: 79/79 MP: 9/9
  4821 | D:6      | Noticed a troll
  4826 | D:6      | 4826 ||| Stepping ~*~*~tactically~*~*~ (outnumbered).
  4835 | D:6      | HP: 10/79 [troll (11)]
  4836 | D:6      | 4836 ||| READING scroll of teleportation.
  4836 | D:6      | HP: 2/79 [troll (8)]
  4837 | D:6      | 4837 ||| DRINKING 3 potions of heal wounds.
  4839 | D:6      | 4839 ||| DRINKING 2 potions of heal wounds.
  5003 | D:6      | Killed a troll
  5007 | D:6      | 5007 ||| Stepping ~*~*~tactically~*~*~ (cloud).
  5009 | D:6      | 5009 ||| Stepping ~*~*~tactically~*~*~ (cloud).
  5014 | D:6      | 5014 ||| Stepping ~*~*~tactically~*~*~ (cloud).
  5155 | D:6      | Identified the +1 leather armour of the Thistle {Str+4}
  5184 | D:6      | 5184 ||| FLEEEEING.
  5193 | D:6      | 5193 ||| FLEEEEING.
  5194 | D:6      | 5194 ||| FLEEEEING.
  5291 | D:6      | Reached skill level 11 in Ranged Weapons
  5529 | D:6      | 5529 ||| UPGRADING to +0 troll leather armour.
  5539 | D:6      | 5539 ||| DROPPING +0 ring mail of positive energy.
  5540 | D:6      | 5540 ||| DROPPING +1 leather armour of the Thistle {Str+4}.
  5541 | D:6      | 5541 ||| READING scroll labelled WAJICW IHUDU.
  5542 | D:6      | 5542 ||| DRINKING 2 purple potions.
  5543 | D:6      | 5543 ||| READING 4 scrolls of identify.
  5543 | D:6      | 5543 ||| IDENTIFYING viscous red potion
  5544 | D:6      | 5544 ||| READING 3 scrolls of identify.
  5544 | D:6      | 5544 ||| IDENTIFYING sedimented black potion
  5545 | D:6      | 5545 ||| DROPPING potion of degeneration.
  5565 | D:7      | Found Ecot's Magic Scroll Boutique.
  5577 | D:7      | 5577 ||| BUYING scroll of identify (22 gold).
  5577 | D:7      | Bought a scroll of identify for 22 gold pieces
  5577 | D:7      | 5577 ||| BUYING scroll of identify (22 gold).
  5577 | D:7      | Bought a scroll of identify for 22 gold pieces
  5675 | D:7      | Found a glowing silver altar of Zin.
  5676 | D:7      | Found Zin's Purification Station.
  5682 | D:7      | Reached skill level 12 in Ranged Weapons
  5697 | D:7      | HP: 18/79 [centaur/arrow (12)]
  5698 | D:7      | 5698 ||| DRINKING 2 potions of heal wounds.
  5702 | D:7      | HP: 19/79 [black bear (7)]
  5703 | D:7      | 5703 ||| DRINKING potion of heal wounds.
  5745 | D:7      | 5745 ||| BUYING potion of curing (90 gold).
  5745 | D:7      | Bought a potion of curing for 90 gold pieces
  5781 | D:7      | Found a staircase to the Ecumenical Temple.
  5782 | D:7      | 5782 ||| PLANNING TEMPLE
  5790 | Temple   | Entered the Ecumenical Temple
  5808 | Temple   | 5808 ||| PLANNING OKAWARU WORSHIP
  6181 | Temple   | Became a worshipper of Warmaster Okawaru
  6182 | Temple   | 6182 ||| PLANNING D:1-11
  6415 | D:7      | 6415 ||| UPGRADING to amulet of faith.
  6439 | D:8      | 6439 ||| STAIRDANCE
  6455 | D:7      | HP: 14/81 [yak (9)]
  6462 | D:7      | HP: 1/81 [yak (10)]
  6464 | D:7      | Mangled by a yak

Levels and vault maps discovered:
D:1:      eino_arrival_cavern_b, layout_basic
D:2:      layout_basic, basic_altar, serial_undead, serial_undead_d,
          serial_undead_e, serial_undead_c, serial_undead_e,
          kennysheep_jessica_study, uniq_jessica
D:3:      layout_rooms, portal_sewer_entry_f,
          ebering_ecumenical_altar_sacrificial, minmay_misc_feat_diagonals,
          minivault_25
D:4:      layout_gridville, general_overflow_altar, ebering_ghost_inner_flame
D:5:      layout_basic, mainiacjoe_overflow_24_doors,
          kennysheep_generic_room_10, uniq_sigmund, uniq_eustachio
D:6:      minmay_razor_zed, layout_loops_corners
D:7:      layout_rooms, zin_purify, minmay_temple_entry_tees, serial_shops,
          nicolae_shop_gibbet_a_chance, enter_bailey_3
D:8:      layout_gridville, lair_entry_dummy, serial_bayou_lagoon_a,
          roderic_serpentine_path
Temple:   compressed_dpeg_triangle_lava_temple

Skill      XL: |  1  2  3  4  5  6  7  8  9 |
---------------+----------------------------+-----
Ranged Weapons | 3 4 5 6 7 8 10 12 | 12.4
Fighting       | 2 3 4 6 7 8 |  8.1
Armour         | 1 3 |  3.4
Dodging        | 3 5 |  5.2
Spellcasting   | |  1.0
Hexes          | |  2.0

Action                     |  1- 3 |  4- 6 |  7- 9 || total
---------------------------+-------+-------+-------++-------
   Fire: Sling             |   130 |   180 |   104 ||   414
         Orcbow            |       |       |   190 ||   190
    Use: Scroll            |     4 |     8 |     7 ||    19
         Potion            |     1 |     1 |     5 ||     7
 Armour: Robe              |     4 |       |       ||     4
         Ring mail         |    15 |    42 |    55 ||   112
         Troll leather arm |       |       |    30 ||    30
  Dodge: Dodged            |    33 |    58 |   164 ||   255

Table legend:
 A = Non-vault XP
 B = Vault XP
 C = Vault XP percentage of total XP
 D = Non-vault monster count
 E = Vault monster count
 F = Vault count percentage of total count
                 A         B        C        D         E       F
            +---------+---------+-------+---------+---------+-------
      Total |    3848 |    1439 |  27.2 |     141 |      30 |  17.5
            +---------+---------+-------+---------+---------+-------
        D:1 |      38 |       0 |   0.0 |      20 |       0 |   0.0
        D:2 |      48 |      50 |  51.0 |      20 |       5 |  20.0
        D:3 |      80 |       8 |   9.1 |      21 |       4 |  16.0
        D:4 |     184 |       0 |   0.0 |      27 |       0 |   0.0
        D:5 |    1125 |     405 |  26.5 |      21 |       2 |   8.7
        D:6 |     752 |     821 |  52.2 |      15 |      11 |  42.3
        D:7 |    1621 |       7 |   0.4 |      17 |       4 |  19.0
      Sewer |       0 |     148 | 100.0 |       0 |       4 | 100.0
            +---------+---------+-------+---------+---------+-------
